 Dungeon Crawl Stone Soup version 0.28-a0-511-gcc94558de3 (webtiles) character file.

Game seed: 5141226823551768002

134668 heikuro the Severer (level 16, 0/157 HPs)
             Began as a Minotaur Berserker on Sept 22, 2021.
             Was a High Priest of Trog.
             Blown up by an orb spider (43 damage)
             ... with an orb of destruction
             ... on level 1 of the Spider Nest.
             The game lasted 01:02:56 (38307 turns).

heikuro the Severer (Minotaur Berserker)           Turns: 38307, Time: 01:02:57

Health: 0/157      AC: 20    Str: 26    XL:     16   Next: 62%
Magic:  15/15      EV: 16    Int:  4    God:    Trog [*****.]
Gold:   2626       SH:  5    Dex: 11    Spells: 15/15 levels left

rFire   + + .      SeeInvis .   F - +2 broad axe (elec)
rCold   + + +      Faith    .   (no shield)
rNeg    . . .      Spirit   .   y - +4 scale mail {rPois}
rPois   +          Reflect  +   (helmet restricted)
rElec   .          Harm     .   X - scarf {rC+ rF+}
rCorr   +          Rampage  .   o - +0 pair of gloves
Will    +....                   (no boots)
Stlth   ..........              H - amulet of reflection
HPRegen 0.36/turn               D - +4 ring of protection
MPRegen 0.14/turn               z - ring "Linla" {rF+ rC++ rCorr}

@: on berserk cooldown, slowed, very slow
A: horns 2, retaliatory headbutt, clumsy 1
a: Renounce Religion, Berserk, Trog's Hand, Brothers in Arms


You were on level 1 of the Spider Nest.
You worshipped Trog.
Trog was extremely pleased with you.
You visited 6 branches of the dungeon, and saw 26 of its levels.
You visited the Abyss 1 time.

You collected 3022 gold pieces.
You spent 396 gold pieces at shops.

Inventory:

Hand Weapons
 a - a +8 antimagic executioner's axe
 F - a +2 broad axe of electrocution (weapon)
 Y - a +2 hand axe of flaming
Missiles
 b - 3 throwing nets
 h - 76 poisoned darts (quivered)
 r - 23 curare-tipped darts
Armour
 o - a +0 pair of gloves (worn)
 y - a +4 scale mail of poison resistance (worn)
 K - a +0 cloak
 O - +2 fire dragon scales
 X - a scarf of resistance (worn)
Jewellery
 l - a +4 ring of evasion
 z - the ring "Linla" (right hand) {rF+ rC++ rCorr}
   (You found it on level 6 of the Dungeon)

   [ring of protection from fire]

   rF:        It protects you from fire.
   rC:        It greatly protects you from cold.
   rCorr:     It protects you from acid and corrosion.
 D - a +4 ring of protection (left hand)
 G - the ring of Zapsotoi {+Blink Will+ Dex-5}
   (You found it on level 10 of the Dungeon)

   [ring of willpower]

   Dex:       It affects your dexterity (-5).
   +Blink:    It lets you blink.
   Will:      It increases your willpower.
 H - an amulet of reflection (around neck)
 Q - a ring of protection from cold
 Z - a ring of see invisible
Wands
 g - a wand of acid (12)
 j - a wand of charming (22)
 k - a wand of paralysis (24)
 u - a wand of mindburst (39)
 E - a wand of flame (125)
 L - a wand of iceblast (45)
 W - a wand of digging (13)
Scrolls
 e - 9 scrolls of teleportation
 f - 3 scrolls of fog
 i - 3 scrolls of magic mapping
 n - 2 scrolls of fear
 q - 5 scrolls of immolation
 t - 2 scrolls of holy word
 x - 4 scrolls of enchant weapon
 A - 2 scrolls of silence
 I - 2 scrolls of blinking
 J - 3 scrolls of enchant armour
 N - 4 scrolls of vulnerability {unknown}
 R - 2 scrolls of acquirement {unknown}
 S - 3 scrolls of summoning {unknown}
Potions
 c - 2 potions of haste
 d - 6 potions of flight
 m - 2 potions of ambrosia
 p - 3 potions of cancellation
 s - 3 potions of heal wounds
 v - 6 potions of lignification
 w - 8 potions of curing
 B - 8 potions of might
 C - 3 potions of resistance
Miscellaneous
 M - a tin of tremorstones (2/2)
 P - a phantom mirror
 T - a piece from Xom's chessboard (15/15)
 V - a box of beasts


   Skills:
 + Level 17.8 Fighting
 - Level 20.0 Axes
 + Level 17.6 Armour
 + Level 16.3 Dodging
 - Level 2.0 Evocations


You had 15 spell levels left.
You didn't know any spells.
Your spell library was empty.

Dungeon Overview and Level Annotations

Branches:
Dungeon (15/15)            Temple (1/1) D:7            Lair (6/6) D:9
  Swamp (1/4) Lair:2       Spider (1/4) Lair:4        Slime (0/5) Lair:6
    Orc (2/2) D:12            Elf (0/3) Orc:2        Vaults (0/5) D:13
 Depths (0/4) D:15

Altars:
Ashenzari
Cheibriados
Dithmenos
Elyvilon
Fedhas
Gozag
Hepliaklqana
Kikubaaqudgha
Makhleb
Nemelex Xobeh
Okawaru
Qazlal
Ru
Sif Muna
Trog
Uskayaw
Vehumet
Wu Jian
Xom
Yredelemnul
Zin
The Shining One
Beogh
Jiyva

Shops:
Orc:2 [(:*?***


Innate Abilities, Weirdness & Mutations

You have a pair of horns on your head.
You reflexively headbutt those who attack you in melee.
You are clumsy. (Dex -2)


Message History

You feel sick.
You are no longer poisoned.
The orb spider pulsates with a strange energy.
The orb spider weaves a glowing orb of energy.
The wavering orb of destruction weakly hits you!!
You hit the orb spider but do no damage.
The orb spider is moderately wounded.
An orb spider comes into view.
The orb spider spins a strand of pure energy.
Found a runed scimitar.
The orb spider hisses angrily.
The orb spider weaves a glowing orb of energy.
The wavering orb of destruction weakly hits you!
You are too injured to fight recklessly!
You are too injured to fight recklessly!
You are too injured to fight recklessly!
A tarantella comes into view.
The tarantella hisses angrily.
The orb spider spins a strand of pure energy.
The orb spider begins to weave its threads into a brightly glowing ball.
The orb spider weaves a glowing orb of energy.
An orb of destruction comes into view.
The orb spider pulsates with a strange energy.
The orb of destruction hits you!!!
* * * LOW HITPOINT WARNING * * *
The tarantella misses you. You furiously retaliate!
You headbutt the tarantella, but do no damage.
The orb spider weaves a glowing orb of energy.
An orb of destruction comes into view.
The tarantella touches you but does no damage.
You see here 27 stones.
The orb spider weaves a glowing orb of energy.
The tarantella barely misses you.
The orb spider pulsates with a strange energy.
The orb of destruction hits the tarantella!!!
The tarantella is blown up!
An orb of destruction comes into view.
The orb spider weaves a glowing orb of energy.
The orb of destruction hits you!!!
You die...

###...#...... #...## #..
##.^.#........ ##....# ...^
##^........######*s..##.....
#^.#.........#.......^.#^...
##....†..........°..........
##.........#..s○°...........
#.......#....#☼(###.........
#^(.....^.#..○☼.# #..#......
### #†###......†@...#
##........
#.###^###.....†.†.###
........)
^.#....#.........##.
......#..
.........#.......#..
.........
.....#^.........#...
.#####.............. ##
#................ #
##................ #
#...###..........#


You could see 2 orb spiders.

Vanquished Creatures
  A tentacled monstrosity (Swamp:1)
  A tentacled starspawn (Abyss:3)
  A fire giant (D:14)
  The ghost of Suaj the Thaumaturge, a journeyman DrCj of Vehumet (D:14)
  An orc warlord (Orc:1)
  An emperor scorpion (Spider:1)
  A bunyip (Swamp:1)
  An ettin (D:14)
  The ghost of Squid the Fighter, a journeyman MiBe of Trog (Lair:2)
  4 vault guards (D:13)
  2 boulder beetles
  11 hydras
  An ice dragon (D:10)
  4 ogre magi
  A rakshasa (D:14)
  A merfolk avatar (Lair:6)
  A catoblepas (D:10)
  8 centaur warriors
  13 two-headed ogres
  2 alligators (Swamp:1)
  5 death yaks (D:8)
  A tengu warrior (D:14)
  Urug (Lair:1)
  An orc high priest (Orc:2)
  The ghost of Nausicaa the Grappler, a novice TrDe of Xom (D:10)
  A wretched star (Abyss:3)
  3 goliath frogs (Swamp:1)
  A spatial maelstrom (Abyss:3)
  A swamp dragon (D:10)
  3 skeletal warriors (D:13)
  A glowing orange brain (shapeshifter) (D:15)
  2 sea snakes (Lair:6)
  3 bog bodies (Swamp:1)
  The ghost of speeev33 the Vandal, a novice MiHu of Okawaru (D:6)
  3 wizards
  A deep elf pyromancer (D:15)
  5 orb spiders (Spider:1)
  A necromancer (D:15)
  4 orc knights
  4 wolf spiders
  2 harpies (Lair:6)
  3 orc sorcerers
  17 ugly things
  2 manticores
  2 will-o-the-wisps (Abyss:3)
  3 cyclopes
  9 black mambas
  12 elephants
  Maurice (D:9)
  3 smoke demons (Abyss:3)
  14 cane toads
  An unseen horror (D:12)
  Psyche (D:12)
  A gargoyle (D:8)
  9 komodo dragons
  2 efreet
  A yaktaur (D:15)
  7 rime drakes
  A kobold demonologist (D:13)
  A tengu conjurer (D:14)
  A demonic crawler (Spider:1)
  3 hellwings (Abyss:3)
  7 trolls
  6 hornets
  8 polar bears
  2 wind drakes (Lair:6)
  A wolf spider simulacrum (D:15)
  9 jumping spiders
  5 raiju (Abyss:3)
  14 blink frogs
  13 slime creatures
  11 dream sheep
  5 spriggans
  2 tarantellas (Spider:1)
  6 wyverns
  12 redbacks
  3 wraiths
  7 basilisks
  A vampire (D:14)
  A chaos spawn (Abyss:3)
  36 yaks
  2 ynoxinuls (Abyss:3)
  7 humans (D:13)
  A fire bat (Abyss:3)
  Grum (D:8)
  3 vampire mosquitoes (D:10)
  4 wargs
  5 swamp worms (Swamp:1)
  16 water moccasins
  A hydra simulacrum (Lair:3)
  Duvessa (D:7)
  46 orc warriors
  A swamp drake (Swamp:1)
  An ice beast (D:5)
  A sky beast (D:5)
  A hornet zombie (D:8)
  6 black bears
  5 boggarts (D:14)
  12 ogres
  A phantom (D:6)
  18 wolves
  17 centaurs
  7 kobold brigands (D:6)
  5 scorpions
  A gnoll sergeant (D:7)
  8 bullfrogs
  Dowan (D:7)
  A blink frog simulacrum (Lair:3)
  A dream sheep simulacrum (Lair:3)
  An elephant simulacrum (Lair:3)
  7 killer bees
  A wight (D:10)
  4 howler monkeys
  2 electric eels
  A bullfrog zombie (D:5)
  5 centaur zombies
  12 jellies
  21 orc priests
  A hound (D:7)
  4 centaur skeletons
  2 gnoll shamans (D:7)
  24 orc wizards
  2 iguanas
  A yak simulacrum (Lair:3)
  A centaur simulacrum (D:10)
  A hound skeleton (D:5)
  A howler monkey zombie (D:9)
  16 gnolls
  7 adders
  A shadow imp (D:5)
  An ufetubus (D:4)
  4 worms
  A dart slug (D:2)
  84 orcs
  13 endoplasms
  8 giant cockroaches
  9 goblins
  8 hobgoblins
  2 quokkas
  3 ball pythons
  2 bats (D:2)
  A frilled lizard (D:2)
  4 kobolds
  3 rats
777 creatures vanquished.

Vanquished Creatures (collateral kills)
  A death drake (Lair:2)
  A tyrant leech (Lair:2)
2 creatures vanquished.

Vanquished Creatures (others)
  2 tarantellas (Spider:1)
  A human (D:13)
  An orc warrior (Orc:2)
  45 fungi
  A lurking horror (Abyss:3)
  66 plants
  3 starspawn tentacles (Abyss:3)
119 creatures vanquished.

Grand Total: 898 creatures vanquished

Notes
Turn   | Place    | Note
-------+----------+-------------------------------------------
     0 | D:1      | heikuro the Minotaur Berserker began the quest for the Orb.
     0 | D:1      | Reached XP level 1. HP: 19/19 MP: 0/0
   656 | D:2      | Reached XP level 2. HP: 24/27 MP: 1/1
   777 | D:2      | Reached skill level 4 in Axes
  1398 | D:2      | Reached XP level 3. HP: 33/33 MP: 2/2
  1408 | D:2      | Reached XP level 4. HP: 25/40 MP: 3/3
  1716 | D:3      | You fall into a shaft and drop 3 floors!
  2000 | D:6      | Reached skill level 5 in Axes
  2000 | D:6      | Reached ** piety under Trog
  2008 | D:6      | Reached XP level 5. HP: 38/47 MP: 4/4
  2102 | D:6      | Noticed a phantom
  2117 | D:6      | Killed a phantom
  2118 | D:6      | Reached XP level 6. HP: 55/55 MP: 5/5
  2215 | D:6      | Reached skill level 6 in Axes
  2223 | D:6      | Found a runed translucent gate.
  2223 | D:6      | Found a runed translucent gate.
  2223 | D:6      | Found a runed translucent gate.
  2225 | D:6      | Noticed speeev33's ghost (novice MiHu)
  2282 | D:6      | Reached skill level 5 in Fighting
  2705 | D:5      | Entered Level 5 of the Dungeon
  2808 | D:5      | Noticed an ice beast
  2821 | D:5      | Killed an ice beast
  2852 | D:5      | Found a shadowy altar of Dithmenos.
  2876 | D:5      | Reached XP level 7. HP: 61/61 MP: 6/6
  3124 | D:3      | Found a faded altar of an unknown god.
  3273 | D:3      | Reached skill level 7 in Axes
  3743 | D:4      | You fall into a shaft and drop 3 floors!
  3991 | D:6      | Identified the ring "Linla" {rF+ rC++ rCorr}
  4080 | D:4      | Reached skill level 5 in Armour
  4392 | D:4      | Reached *** piety under Trog
  4631 | D:4      | Found a radiant altar of Vehumet.
  4988 | D:5      | Reached skill level 8 in Axes
  4988 | D:5      | Reached skill level 5 in Dodging
  4988 | D:5      | Reached XP level 8. HP: 70/70 MP: 7/7
  5989 | D:7      | Noticed Duvessa
  5991 | D:7      | Noticed Dowan
  6001 | D:7      | Killed Duvessa
  6009 | D:7      | Killed Dowan
  6130 | D:7      | Found a staircase to the Ecumenical Temple.
  6150 | D:7      | Reached skill level 9 in Axes
  6401 | Temple   | Entered the Ecumenical Temple
  6652 | D:7      | Noticed a troll
  6677 | D:7      | Killed a troll
  6950 | D:7      | Reached XP level 9. HP: 79/79 MP: 8/8
  6952 | D:7      | Reached **** piety under Trog
  7069 | D:7      | Found the +27 Lear's hauberk
  7208 | D:7      | Reached skill level 10 in Axes
  7513 | D:7      | Found a stormy altar of Qazlal.
  7513 | D:7      | Found a sacrificial altar of Ru.
  8021 | D:8      | Noticed a gargoyle
  8034 | D:8      | Killed a gargoyle
  8205 | D:8      | Found a snail-covered altar of Cheibriados.
  8357 | D:8      | Reached skill level 11 in Axes
  8460 | D:8      | Reached XP level 10. HP: 75/90 MP: 9/9
  9188 | D:8      | Noticed Grum
  9194 | D:8      | Killed Grum
  9286 | D:8      | Found an ancient bone altar of Kikubaaqudgha.
  9287 | D:8      | Found a basalt altar of Yredelemnul.
  9288 | D:8      | Found a glowing golden altar of the Shining One.
  9289 | D:8      | Found a hazy altar of Hepliaklqana.
  9522 | D:9      | Noticed Maurice
  9529 | D:9      | Paralysed by Maurice for 4 turns
  9538 | D:9      | Killed Maurice
  9539 | D:9      | Reached skill level 12 in Axes
  9632 | D:9      | Found a broken altar of Ashenzari.
  9691 | D:9      | Noticed a death yak
  9693 | D:9      | Noticed a death yak
  9694 | D:9      | Noticed a death yak
  9737 | D:8      | Killed a death yak
  9737 | D:8      | Reached ***** piety under Trog
  9827 | D:9      | Noticed a death yak
  9827 | D:9      | Noticed a death yak
  9836 | D:8      | Killed a death yak
  9889 | D:8      | Killed a death yak
  9890 | D:8      | Reached skill level 13 in Axes
 10165 | D:8      | Killed a death yak
 10170 | D:8      | Killed a death yak
 10171 | D:8      | Reached XP level 11. HP: 66/99 MP: 10/10
 10421 | D:9      | Found a burning altar of Makhleb.
 10451 | D:9      | Found a staircase to the Lair.
 10949 | D:9      | Noticed a two-headed ogre
 10956 | D:9      | Reached skill level 10 in Fighting
 10959 | D:9      | Killed a two-headed ogre
 11183 | D:10     | Entered Level 10 of the Dungeon
 11391 | D:10     | Noticed an ice dragon
 11402 | D:10     | Killed an ice dragon
 11403 | D:10     | Reached skill level 14 in Axes
 11403 | D:10     | Reached skill level 10 in Armour
 11403 | D:10     | Received a gift from Trog
 11470 | D:10     | Noticed a swamp dragon
 11487 | D:10     | Killed a swamp dragon
 11609 | D:10     | Noticed a white ugly thing
 11626 | D:10     | Killed a white ugly thing
 11711 | D:10     | Noticed a two-headed ogre
 11719 | D:10     | Killed a two-headed ogre
 11880 | D:10     | Noticed a cyan ugly thing
 11890 | D:10     | Killed a cyan ugly thing
 11963 | D:10     | Noticed a catoblepas
 11971 | D:10     | Noticed an ogre mage
 11978 | D:10     | Killed a catoblepas
 11978 | D:10     | Noticed a six-headed hydra
 12247 | D:10     | Noticed a two-headed ogre
 12264 | D:10     | Killed a two-headed ogre
 12377 | D:10     | Found a runed translucent door.
 12379 | D:10     | Noticed a spriggan rider
 12379 | D:10     | Noticed Nausicaa's ghost (novice TrDe)
 12380 | D:10     | Identified the +3 spear "Xetuih" {freeze, Will+ Str+2}
 12522 | D:6      | Reached skill level 15 in Axes
 12522 | D:6      | Killed speeev33's ghost
 12525 | D:6      | Reached XP level 12. HP: 110/110 MP: 11/11
 12637 | Lair:1   | Entered Level 1 of the Lair of Beasts
 12737 | D:10     | Reached skill level 10 in Dodging
 13574 | D:10     | Killed a four-headed hydra
 13798 | D:10     | Identified the ring of Zapsotoi {+Blink Will+ Dex-5}
 14801 | D:11     | You fall into a shaft and drop 2 floors!
 14814 | D:13     | Reached skill level 16 in Axes
 15694 | D:12     | Noticed Psyche
 15699 | D:12     | Killed Psyche
 15825 | D:12     | Reached XP level 13. HP: 106/119 MP: 12/12
 17476 | D:12     | Found a staircase to the Orcish Mines.
 18085 | D:13     | Found a gate to the Vaults.
 18575 | D:14     | Found a transporter.
 18577 | D:14     | Noticed Suaj's ghost (journeyman DrCj)
 18754 | D:14     | Cast into level 2 of the Abyss (a wizard)
 19232 | Abyss:3  | Noticed a tentacled starspawn
 19235 | Abyss:3  | Received a gift from Trog
 19236 | Abyss:3  | Reached skill level 17 in Axes
 19249 | Abyss:3  | Killed a tentacled starspawn
 19257 | Abyss:3  | Lost intelligence.
 19266 | Abyss:3  | Noticed a cacodemon
 19266 | Abyss:3  | Gained mutation: You are frail. (-10% HP) [a cacodemon]
 19269 | D:14     | Escaped the Abyss
 19485 | D:14     | Found a transporter.
 19502 | D:14     | Identified the +4 great mace of Autumn {flame, rPois Str-3
                  | Dex+6 SInv}
 19502 | D:14     | Noticed a fire giant
 20129 | D:14     | Reached XP level 14. HP: 118/118 MP: 4/13
 20280 | D:15     | Entered Level 15 of the Dungeon
 20626 | D:15     | Lost mutation: You are frail. (-10% HP) [potion of
                  | mutation]
 20626 | D:15     | Gained mutation: You are clumsy. (Dex -2) [potion of
                  | mutation]
 20626 | D:15     | Gained mutation: You are weak. (Str -2) [potion of
                  | mutation]
 20626 | D:15     | Lost mutation: You are weak. (Str -2) [potion of mutation]
 21403 | D:15     | Found a staircase to the Depths.
 21432 | D:15     | Reached skill level 15 in Fighting
 21480 | D:15     | Received a gift from Trog
 21542 | D:15     | Reached skill level 15 in Armour
 21855 | Lair:1   | Reached skill level 18 in Axes
 22250 | Lair:1   | Identified the +7 flail of Ferocious Courage {elec, rF+}
 22907 | D:10     | Killed Nausicaa's ghost
 23161 | Lair:1   | Noticed Urug
 23173 | Lair:1   | Killed Urug
 23906 | Lair:2   | Found a staircase to the Swamp.
 24558 | Lair:3   | Noticed Squid's ghost (journeyman MiBe)
 24591 | Lair:3   | Found a runed translucent gate.
 24618 | Lair:3   | Found a runed translucent gate.
 24619 | Lair:3   | Found a runed translucent gate.
 24676 | Lair:3   | Identified the +8 trident of Kaemar {speed, Int+3}
 25552 | Lair:4   | Reached XP level 15. HP: 122/141 MP: 4/14
 25561 | Lair:4   | Paralysed by a hornet for 1 turns
 25568 | Lair:4   | Found a hole to the Spider Nest.
 25735 | Lair:4   | Received a gift from Trog
 28252 | Lair:6   | Entered Level 6 of the Lair of Beasts
 28397 | Lair:6   | Reached skill level 19 in Axes
 28621 | Lair:6   | Reached skill level 15 in Dodging
 28888 | Lair:6   | Reached skill level 1 in Evocations
 29163 | Lair:6   | Found a staircase to the Slime Pits.
 29163 | Lair:6   | Found a viscous altar of Jiyva.
 29233 | Lair:6   | Found the +8 trident of the Octopus King {venom, rElec
                  | rPois Will+}
 29596 | Lair:6   | Received a gift from Trog
 30238 | Orc:1    | Entered Level 1 of the Orcish Mines
 30976 | Orc:2    | Entered Level 2 of the Orcish Mines
 30976 | Orc:2    | Found a staircase to the Elven Halls.
 32772 | Orc:2    | Paralysed by an orc sorcerer for 5 turns
 32780 | Orc:2    | Paralysed by an orc sorcerer for 3 turns
 33396 | Orc:2    | Reached XP level 16. HP: 135/154 MP: 5/15
 33397 | Orc:2    | Reached ****** piety under Trog
 33568 | Orc:2    | Found Cuzaem's Weapon Emporium.
 33740 | Orc:2    | Received a gift from Trog
 33884 | Orc:2    | Found Tastud's Book Shop.
 33943 | Orc:2    | Found Vutasuba's Armour Shop.
 33985 | Orc:2    | Found Zalahybu's Assorted Antiques.
 33985 | Orc:2    | Found Ramoariqyl's Magic Scroll Shoppe.
 33987 | Orc:2    | Found Huahutt's General Store.
 33989 | Orc:2    | Found Devuered's Assorted Antiques.
 34039 | Orc:2    | Found Dobakets's Assorted Antiques.
 34420 | Orc:2    | Bought a pitted iron amulet for 130 gold pieces
 34420 | Orc:2    | Identified the amulet "Utzink" {Faith Rampage rC- rN++
                  | Int+4} (You bought it in a shop on level 2 of the Orcish
                  | Mines)
 34466 | Orc:2    | Bought a distressingly furry chain mail for 266 gold pieces
 34466 | Orc:2    | Identified the +1 chain mail of Temperance {Str+3} (You
                  | bought it in a shop on level 2 of the Orcish Mines)
 34653 | Swamp:1  | Entered Level 1 of the Swamp
 34676 | Lair:2   | HP: 2/155 [tyrant leech (24)]
 35800 | Swamp:1  | Identified the +6 spear of Empoa {pain, *Noise rF+ Dex+4}
 36307 | D:14     | Killed Suaj's ghost
 36569 | Lair:2   | Killed Squid's ghost
 37114 | Spider:1 | Entered Level 1 of the Spider Nest
 37311 | Lair:4   | Received a gift from Trog
 37878 | Spider:1 | Reached skill level 20 in Axes
 38307 | Spider:1 | Blown up by an orb spider

Illustrated notes

Levels and vault maps discovered:
D:1:      lemuel_arrival_broad_hall, layout_loops_ring
D:2:      layout_basic
D:3:      layout_rooms, dreamdust_ecumenical_altar_angels_and_demons
D:4:      layout_gridville, mainiacjoe_overflow_cross_hatched,
          minmay_goblin_outpost
D:5:      layout_basic, grunt_dithmenos_smoke
D:6:      layout_loops_corners, gammafunk_ghost_nasty_kobolds, bh_walls_and_bars
D:7:      layout_basic, gammafunk_temple_overflow_statue,
          minmay_temple_entry_large_hall, hellmonk_guarded_unrand_lears,
          uniq_duvessa
D:8:      black_bear_nest_2, layout_basic, cheibriados_altar_1,
          mainiacjoe_overflow_alcove_3, chequers_serial_rivers_small_a,
          minmay_fractal_squares_gapless_5, uniq_grum
D:9:      layout_grid_maze, mainiacjoe_overflow_concentric_impassable,
          general_overflow_altar, dpeg_lair_monsters, uniq_maurice
D:10:     minmay_the_grid_4x2 [minmay_the_grid_plusring, minmay_the_grid_fan,
          minmay_the_grid_dragon_b, minmay_the_grid_spin_star,
          minmay_the_grid_dragon_a, minmay_the_grid_paths,
          minmay_the_grid_broken_lines, minmay_the_grid_prize_shrinking_boxes],
          layout_gridville, ebering_ghost_funeral_grove
D:11:     layout_long_grid
D:12:     layout_loops_corners, erik_orc_2, uniq_psyche
D:13:     layout_big_octagon, ximxim_vaults_locker_room
D:14:     layout_irregular_city, corexii_leaking_fountain, gammafunk_ghost_smash
D:15:     grunt_enter_depths_magical_seal, layout_irregular_city
Temple:   chequers_temple_sunken
Lair:1:   layout_cave_pods, uniq_urug
Lair:2:   layout_cave_shapes, swamp_mist, hangedman_lair_unloving_vines,
          serial_bayou_shore_b, lemuel_fruit_fields, grunt_megastairs_5
Lair:3:   layout_misc_corridors, gammafunk_ghost_icy, serial_bayou_shore_a
Lair:4:   lemuel_slime, layout_cave_pods, nicolae_spider_entry_non_spiders
Lair:5:   layout_cave_shapes, infiniplex_staircase_pool_2, lemuel_fruit_tree
Lair:6:   gammafunk_lair_ancient_temple, layout_long_grid, slime_altar_1
Swamp:1:  layout_basic_swamp, serial_swamp_ruin, evilmike_swamp_ruin_house_6,
          hangedman_swamp_ruin_hall, swamp_pool1, nicolae_swamp_dense_foliage
Spider:1: layout_spider_delve
Orc:1:    nicolae_orc_accident_3, layout_caves
Orc:2:    st_orc_rangers, layout_caves, basic_altar, serial_shops, shop, shop,
          shop, shop, kennysheep_orc_chapel

Skill      XL: |  1  2  3  4  5  6  7  8  9 10 11 12 13 14 15 16 |
---------------+-------------------------------------------------+-----
Axes           | 4 5 6 8 9 11 13 15 16 17 18 19 20 | 20.0
Fighting       | 4 5 6 7 8 9 11 12 14 15 16 17 | 17.8
Armour         | 3 4 5 6 8 9 10 12 14 15 16 17 | 17.6
Dodging        | 3 4 5 6 7 8 9 11 12 14 15 16 | 16.3
Evocations     | 2 |  2.0

Action                   |  1- 3 |  4- 6 |  7- 9 | 10-12 | 13-15 | 16-18 || total
-------------------------+-------+-------+-------+-------+-------+-------++-------
Melee: Hand axe          |    36 |    62 |   333 |     6 |    60 |    24 ||   521
       Headbutt          |     8 |    11 |    70 |   114 |   226 |    54 ||   483
       War axe           |       |       |       |   352 |    22 |       ||   374
       Battleaxe         |       |       |       |    60 |   180 |       ||   240
       Great sword       |       |       |       |     3 |       |       ||     3
       Executioner's axe |       |       |       |       |   726 |   142 ||   868
       Glaive            |       |       |       |       |    20 |       ||    20
       Broad axe         |       |       |       |       |       |    69 ||    69
Throw: Dart              |       |       |       |     3 |     3 |       ||     6
Invok: Berserk           |     2 |     4 |    16 |    20 |    18 |     5 ||    65
       Trog's Hand       |       |       |       |     1 |     2 |       ||     3
       Brothers in Arms  |       |       |       |       |       |     1 ||     1
Evoke: Wand              |       |       |       |       |     2 |       ||     2
  Use: Scroll            |       |       |       |    11 |    14 |     2 ||    27
       Potion            |       |       |       |       |     1 |     1 ||     2
Armor: Animal skin       |     5 |       |       |       |       |       ||     5
       Ring mail         |     1 |     7 |       |       |       |       ||     8
       Scale mail        |       |    10 |    83 |   137 |   475 |   139 ||   844
       Plate armour      |       |       |    13 |       |       |       ||    13
Dodge: Dodged            |    27 |    37 |   207 |   265 |   856 |   218 ||  1610
Block: Other             |       |       |    19 |    73 |   273 |    72 ||   437
       Reflection        |       |       |       |     9 |    37 |     7 ||    53

Table legend: (Time is in decaauts)
 A = Elapsed time spent in this place.
 B = Non-inter-level travel time spent in this place.
 C = Inter-level travel time spent in this place.
 D = Time resting spent in this place.
 E = Time spent auto-exploring this place.
 F = Levels seen in this place.
 G = Mean time per level.
                   A        B        C        D        E       F      G
               +--------+--------+--------+--------+--------+-----+--------+
         Total |  39030 |  35604 |   3426 |  13171 |  14993 |  28 | 1393.9 |
       Dungeon |  22957 |  20304 |   2653 |   6373 |   9252 |  15 | 1530.5 |
        Temple |    237 |    204 |     33 |      0 |    196 |   1 |  237.0 |
          Lair |   9565 |   9006 |    559 |   3816 |   3749 |   6 | 1594.2 |
         Swamp |   1095 |   1050 |     45 |    346 |    507 |   1 | 1095.0 |
   Spider Nest |    398 |    398 |      0 |     37 |    157 |   1 |  398.0 |
  Orcish Mines |   4267 |   4134 |    133 |   2294 |   1131 |   2 | 2133.5 |
         Abyss |    508 |    508 |      0 |    304 |      0 |   2 |  254.0 |
               +--------+--------+--------+--------+--------+-----+--------+

Top non-repeatable levels by time:
    D:10: 3241 daAuts
   Orc:1: 2860 daAuts
  Lair:4: 2463 daAuts
     D:8: 2243 daAuts
     D:9: 2000 daAuts
    D:14: 1816 daAuts
  Lair:6: 1811 daAuts
    D:12: 1810 daAuts
     D:7: 1601 daAuts
     D:6: 1558 daAuts
  Lair:1: 1531 daAuts
    D:13: 1476 daAuts
    D:15: 1454 daAuts
   Orc:2: 1407 daAuts
     D:5: 1398 daAuts
